 Dungeon Crawl Stone Soup version 0.32-a0-42-ga30500b4d3 (webtiles) character file.

Game seed: 16530002868425923017

2 cforsyth the Magician (level 1, 0/18 HPs)
             Began as a Djinni Reaver on Jan 26, 2024.
             Slain by a gnoll
             ... wielding a +0 spear
              (6 damage)
             ... on level 1 of the Dungeon.
             The game lasted 00:00:16 (136 turns).

cforsyth the Magician (Djinni Reaver)                Turns: 136, Time: 00:00:16

Health: 0/18       AC:  3    Str: 11    XL:     1   Next: 44%
Gold:   14         EV: 11    Int: 14    God:
                   SH:  0    Dex: 11

rFire   + + .        a - +0 short sword
rCold   x . .        (no shield)
rNeg    . . .        b - +0 leather armour
rPois   ∞            (no helmet)
rElec   .            (no cloak)
rCorr   .            (no gloves)
SInv    .            (boots unavailable)
Will    .....        (no amulet)
Stlth   +            (no ring)
HPRegen 0.23/turn    (no ring)
MPRegen 0.00/turn

%: infuse magic (-1 HP)
@: flying
A: sickness immunity, fire resistance 2, cold vulnerability 1, float, innate
caster, HP casting, extra vitality 1
a: no special abilities


You were on level 1 of the Dungeon.
You visited 1 branch of the dungeon, and saw 1 of its levels.

You collected 14 gold pieces.

Inventory:

Hand Weapons
 a - a +0 short sword (weapon)
Armour
 b - a +0 leather armour (worn)
Scrolls
 c - a scroll of fear {unknown}
 d - a scroll of blinking {unknown}


   Skills:
 + Level 2.0 Fighting
 - Level 2.6 Short Blades
 - Level 2.1 Dodging
 + Level 3.0 Spellcasting
 + Level 3.0 Conjurations
 + Level 3.0 Hexes
 + Level 3.0 Summonings
 + Level 3.0 Necromancy
 + Level 3.0 Translocations
 + Level 3.0 Fire Magic
 + Level 3.0 Ice Magic
 + Level 3.0 Air Magic
 + Level 3.0 Earth Magic
 + Level 3.0 Alchemy


You knew the following spells:

 Your Spells              Type           Power      Damage    Failure   Level
a - Kiss of Death         Conj/Necr      40%        2d8       9%          1
b - Momentum Strike       Conj/Tloc      20%        3d8       12%         2
c - Hailstorm             Conj/Ice       10%        3d6       24%         3
Your spell library was empty.

Dungeon Overview and Level Annotations

Branches:
Dungeon (1/15)

Altars:


Innate Abilities, Weirdness & Mutations

You are immune to sickness and miasma.
You are immune to poison.
Your flesh is very heat resistant. (rF++)
You are vulnerable to cold. (rC-)
You float through the air rather than walking.
You learn spells naturally, not from books.
Your magical power is your life essence.
You have superior vitality. (+4 MHP)


Message History

You see here a ball python corpse.
d - a scroll labelled MUN ALUESO You see here a ball python corpse.
You now have 14 gold pieces (gained 9).
A gnoll comes into view. It is wielding a +0 spear.
A gnoll is nearby!
The gnoll hits you with a +0 spear.
You hit the gnoll but do no damage. The gnoll barely misses you.
You hit the gnoll.
The gnoll is moderately wounded.
The gnoll closely misses you.
You barely miss the gnoll.
The gnoll is lightly wounded.
The gnoll hits you but does no damage.
You hit the gnoll.
The gnoll is moderately wounded.
The gnoll hits you with a +0 spear.
You hit the gnoll but do no damage.
The gnoll is moderately wounded.
You barely miss the gnoll.
The gnoll is moderately wounded.
The gnoll hits you with a +0 spear.
You barely miss the gnoll.
The gnoll is moderately wounded.
The gnoll closely misses you.
You hit the gnoll.
The gnoll is heavily wounded.
The gnoll hits you with a +0 spear.
* * * LOW HITPOINT WARNING * * *
You are too injured to fight recklessly!
You are too injured to fight recklessly!
You are too injured to fight recklessly!
You are too injured to fight recklessly!
You are too injured to fight recklessly!
You are too injured to fight recklessly!
You are too injured to fight recklessly!
You barely miss the gnoll.
The gnoll is heavily wounded.
The gnoll hits you with a +0 spear.
You die...

# #......###......# #.
##......#......##
#.###.............#
........##..###### #. .
##...#####...## ... ...##....#
#..#..## #.#
.........####.###..## #.#
...........##.####..# #.##
....#.###....g@..##.####..#####
. # #.#.####..............#
#...# #####†#........# #..##
#.##.......# #.## #.##...>...#
### #####.##.......#
#.........###### #.........#
#.........#


You could see a gnoll.

Vanquished Creatures
  A ball python (D:1)
  A hobgoblin (D:1)
2 creatures vanquished.

Notes
Turn   | Place    | Note
-------+----------+-------------------------------------------
     0 | D:1      | cforsyth the Djinni Reaver began the quest for the Orb.
     0 | D:1      | cforsyth set off with the following spells memorised: Kiss
                  | of Death, Momentum Strike, Hailstorm.
     0 | D:1      | Reached XP level 1. HP: 18/18 MP: 0/0
   136 | D:1      | Slain by a gnoll

Illustrated notes

Levels and vault maps discovered:
D:1:      minmay_arrival_pointy, layout_rooms, basic_ecumenical_altar

Skill      XL: |  1 |
---------------+----+-----
Spellcasting   | 3 |  3.0
Conjurations   | 3 |  3.0
Hexes          | 3 |  3.0
Summonings     | 3 |  3.0
Necromancy     | 3 |  3.0
Translocations | 3 |  3.0
Fire Magic     | 3 |  3.0
Ice Magic      | 3 |  3.0
Air Magic      | 3 |  3.0
Earth Magic    | 3 |  3.0
Alchemy        | 3 |  3.0
Fighting       | |  2.0
Short Blades   | |  2.6
Dodging        | |  2.1

Action                     || total
---------------------------++-------
  Melee: Short sword       ||    14
 Armour: Leather armour    ||     8
  Dodge: Dodged            ||     3

Table legend: (Time is in decaauts)
 A = Elapsed time spent in this place.
 B = Non-inter-level travel time spent in this place.
 C = Inter-level travel time spent in this place.
 D = Time resting spent in this place.
 E = Time spent auto-exploring this place.
 F = Levels seen in this place.
 G = Mean time per level.
                   A        B        C        D        E       F      G
               +--------+--------+--------+--------+--------+-----+--------+
         Total |    134 |    134 |      0 |      0 |    101 |   1 |  134.0 |
       Dungeon |    134 |    134 |      0 |      0 |    101 |   1 |  134.0 |
               +--------+--------+--------+--------+--------+-----+--------+

Top non-repeatable levels by time:
     D:1: 134 daAuts
